 Dungeon Crawl Stone Soup version 0.24.0-2-g5b39cebb1c (webtiles) character file.

Game seed: 16033698034103375948, levelgen mode: deterministic

63 Mrkan the Poker (level 4, -2/34 HPs)
             Began as a Merfolk Gladiator on Oct 29, 2019.
             Killed from afar by Sigmund (6 damage)
             ... with a magic dart
             ... on level 2 of the Dungeon.
             The game lasted 00:03:06 (1531 turns).

Mrkan the Poker (Merfolk Gladiator)                 Turns: 1531, Time: 00:03:06

Health: -2/34      AC:  7    Str: 14    XL:     4   Next: 10%
Magic:  4/4        EV: 11    Int:  7    God:
Gold:   50         SH:  8    Dex: 16    Spells: 3/3 levels left

rFire    . . .     SeeInvis .   a - +0 trident
rCold    . . .     Gourm    .   h - +0 shield
rNeg     . . .     Faith    .   b - +0 leather armour
rPois    .         Spirit   .   c - +0 helmet
rElec    .         Reflect  .   i - +0 cloak
rCorr    .         Harm     .   (no gloves)
MR       .....     Rnd*Rage +   (no boots)
Stlth    +.........             (no amulet)
HPRegen  0.11/turn              (no ring)
MPRegen  0.09/turn              (no ring)

@: no status effects
A: change form in water, swift swim, stealthy swim, thin metallic scales 1,
berserk 1
a: no special abilities


You were on level 2 of the Dungeon.
You were not hungry.

You visited 1 branch of the dungeon, and saw 3 of its levels.

You collected 50 gold pieces.

Inventory:

Hand Weapons
 a - a +0 trident (weapon)
Missiles
 d - 3 throwing nets (quivered)
 p - 55 stones
Armour
 b - a +0 leather armour (worn)
 c - a +0 helmet (worn)
 h - a +0 shield (worn)
 i - a +0 cloak (worn)
Jewellery
 o - an uncursed ring of magical power {unknown}
Scrolls
 e - a scroll of teleportation {unknown}
 k - 2 scrolls of identify {unknown}
 m - a scroll of remove curse {unknown}
Potions
 l - a potion of heal wounds {unknown}
 n - 2 potions of curing {unknown}
Comestibles
 f - 5 rations
 j - 3 chunks of flesh


   Skills:
 + Level 2.8 Fighting
 * Level 5.6 Polearms
 - Level 2.0 Throwing
 + Level 4.6 Dodging
 + Level 1.2 Shields


You had 3 spell levels left.
You didn't know any spells.
Your spell library was empty.

Dungeon Overview and Level Annotations

Branches:
Dungeon (3/15)

Altars:

Annotations:
D:2 Sigmund


Innate Abilities, Weirdness & Mutations

You revert to your normal form in water.
You are very nimble and swift while swimming.
You are very stealthy in the water. (Stealth+)
You are partially covered in thin metallic scales. (AC +2)
You tend to lose your temper in combat.


Message History

You feel less confused.
A puff of flame appears from out of thin air!
You block the puff of flame.
Something tries to affect you, but you resist.
Something tries to affect you, but you resist.
Found a stone staircase leading down.
There is a stone staircase leading down here.
You climb downwards.
Reactivating autopickup.
A bat and an adder come into view.
Found a buckler.
There is a stone staircase leading up here.
You climb upwards.
Level annotation: Sigmund
There is a stone staircase leading down here.
You can't go up here!
A magic dart appears from out of thin air!
Deactivating autopickup; reactivate with Ctrl-A.
The magic dart hits you.
You die...

## .. #. ### ##.
#.# .. ..# #.#
#. #.#
#....#.####.#
.......@..>.#
.....######{####
..# #.........#
#.####.##.#
#.#....# #
#.#.#### #.#.#
#.#.# #########
#.#.#


There were no monsters in sight!

Vanquished Creatures
  Natasha (D:2)
  A worm (D:2)
  3 dart slugs (D:1)
  7 bats (D:1)
  3 giant cockroaches
  2 goblins
  2 hobgoblins
  2 jackals (D:1)
  3 kobolds
  2 ball pythons (D:1)
  2 frilled lizards (D:1)
  2 rats (D:1)
30 creatures vanquished.

Notes
Turn   | Place    | Note
-------+----------+-------------------------------------------
     0 | D:1      | Mrkan the Merfolk Gladiator began the quest for the Orb.
     0 | D:1      | Reached XP level 1. HP: 16/16 MP: 1/1
   380 | D:1      | Reached XP level 2. HP: 21/23 MP: 2/2
   575 | D:1      | Reached skill level 5 in Polearms
   700 | D:1      | Reached XP level 3. HP: 28/28 MP: 3/3
  1256 | D:2      | Noticed Natasha
  1271 | D:2      | Killed Natasha
  1271 | D:2      | Reached skill level 1 in Shields
  1281 | D:2      | Reached XP level 4. HP: 22/34 MP: 4/4
  1494 | D:2      | Noticed Sigmund
  1507 | D:2      | HP: 1/34 [something (5)]
  1508 | D:2      | Gained mutation: You tend to lose your temper in combat.
                  | [potion of mutation]
  1508 | D:2      | Gained mutation: You are partially covered in thin metallic
                  | scales. (AC +2) [potion of mutation]
  1531 | D:2      | Killed from afar by Sigmund

Levels and vault maps discovered:
D:1:      lemuel_arrival_broad_hall, layout_basic
D:2:      layout_basic, uniq_natasha, uniq_sigmund
D:3:      layout_rooms, lemuel_crystal_altar, chequers_ecumenical_altar_island

Skill      XL: |  1  2  3 |
---------------+----------+-----
Polearms       | 5 |  5.6
Shields        | 1 |  1.2
Fighting       | |  2.8
Throwing       | |  2.0
Dodging        | |  4.6

Action                   |  1- 3 |  4- 6 || total
-------------------------+-------+-------++-------
Melee: Trident           |   100 |    27 ||   127
  Use: Potion            |       |     1 ||     1
 Stab: Sleeping          |     3 |       ||     3
  Eat: Chunk             |       |     2 ||     2
Armor: Leather armour    |    45 |     3 ||    48
Dodge: Dodged            |    63 |     2 ||    65
Block: Shield            |    45 |     6 ||    51
